 Dungeon Crawl Stone Soup version 0.29-a0-1023-g6ae1a4a2c7 (webtiles) character file.

Game seed: 8696906655092038080

49 snetch the Chopper (level 3, 0/51 HPs)
             Began as a Minotaur Berserker on Aug 11, 2022.
             Was a Follower of Trog.
             Succumbed to an adder's poison
             ... on level 3 of the Dungeon.
             The game lasted 00:00:42 (357 turns).

snetch the Chopper (Minotaur Berserker)              Turns: 357, Time: 00:00:43

Health: 0/51       AC:  2    Str: 23    XL:     3   Next: 53%
Magic:  2/2        EV: 12    Int:  4    God:    Trog [*.....]
Gold:   19         SH:  0    Dex:  9    Spells: 2/2 levels left

rFire   . . .      SeeInvis .   a - +0 hand axe
rCold   . . .      Faith    .   (no shield)
rNeg    . . .      Spirit   .   b - +0 animal skin
rPois   .          Reflect  .   (helmet restricted)
rElec   .          Harm     .   (no cloak)
rCorr   .          Rampage  .   (no gloves)
Will    .....                   (no boots)
Stlth   ..........              (no amulet)
HPRegen 0.17/turn               (no ring)
MPRegen 0.08/turn               (no ring)

@: berserking, lethally poisoned (0 -> -2), very quick
A: horns 2, retaliatory headbutt
a: Renounce Religion, Berserk


You were on level 3 of the Dungeon.
You worshipped Trog.
Trog was aware of your devotion.
You visited 1 branch of the dungeon, and saw 3 of its levels.

You collected 19 gold pieces.

Inventory:

Hand Weapons
 a - a +0 hand axe (weapon)
Missiles
 c - 6 stones (quivered)
Armour
 b - a +0 animal skin (worn)
 d - a +0 leather armour


   Skills:
 + Level 4.4 Fighting
 + Level 4.4 Axes
 + Level 2.7 Armour
 + Level 2.5 Dodging
 + Level 0.1 Stealth


You had 2 spell levels left.
You didn't know any spells.
Your spell library was empty.

Dungeon Overview and Level Annotations

Branches:
Dungeon (3/15)

Altars:


Innate Abilities, Weirdness & Mutations

You have a pair of horns on your head.
You reflexively headbutt those who attack you in melee.


Message History

You closely miss the adder. You slash the hobgoblin!
You kill the hobgoblin!
Trog accepts your kill.
You closely miss the kobold.
You feel sick. The kobold closely misses you. The adder bites you.
* * * LOW HITPOINT WARNING * * *
The adder bites you.
* * * LOW HITPOINT WARNING * * *
You have reached level 3!
Your experience leads to an increase in your attributes!
Increase (S)trength, (I)ntelligence, or (D)exterity?
You feel stronger. x2
You hit the adder. You headbutt the adder.
You kill the adder!
Trog accepts your kill.
You barely miss the kobold. You slash the adder!
You kill the adder!
Trog accepts your kill.
* * * LOW HITPOINT WARNING * * *
You feel sick. The kobold hits you with a +0 dagger.
* * * LOW HITPOINT WARNING * * *
You slash the kobold!
You kill the kobold!
Trog accepts your kill.
* * * LOW HITPOINT WARNING * * *
You feel sick.
Unknown command.
You completely miss the kobold.
* * * LOW HITPOINT WARNING * * *
You feel sick.
Unknown command.
You slash the kobold!
You kill the kobold!
Trog accepts your kill.
Unknown command.
* * * LOW HITPOINT WARNING * * *
You feel sick.
You see here a hobgoblin corpse.
You feel a strong urge to attack something.
You die...

.≈.≈.≈.≈.≈.≈.#.
.8...8...8...8..
.≈.≈.≈.≈.≈.≈.≈.≈.
....8...8.(.8....
.≈.≈.≈.≈.≈.≈.≈.≈#
#.8...8...8.!.8.#
#≈.≈.≈.≈.≈.≈.≈.≈# #
#...8...8@..8...#
#.#≈.≈.≈)≈†≈.≈.≈.≈#
###.#.8...8.††8...8.#
....≈!≈.≈.≈.≈.≈.≈.≈#
#.#...8..?8...8...#
#..≈.≈.≈†≈.≈.≈.≈.≈#
#.###..8...8...8...8.#
#.......≈.≈.≈.≈.≈.≈.##
###......#####.....


There were no monsters in sight!

Vanquished Creatures
  4 adders
  3 ball pythons
  An endoplasm (D:3)
  3 hobgoblins
  2 kobolds (D:3)
  3 rats
16 creatures vanquished.

Notes
Turn   | Place    | Note
-------+----------+-------------------------------------------
     0 | D:1      | snetch the Minotaur Berserker began the quest for the Orb.
     0 | D:1      | Reached XP level 1. HP: 19/19 MP: 0/0
    35 | D:2      | Reached XP level 2. HP: 10/27 MP: 1/1
   352 | D:3      | Reached XP level 3. HP: 6/33 MP: 2/2
   353 | D:3      | HP: 2/51 [poisoned by an adder]
   357 | D:3      | Succumbed to an adder's poison

Illustrated notes

Levels and vault maps discovered:
D:1:      spicycebolla_arrival_xxxplode, layout_basic,
          shapermc_ecumenical_altar_mp_urbaneastern, minmay_quantized
D:2:      layout_basic, uniq_crazy_yiuf_cottage
D:3:      layout_rooms, kennysheep_crisscross, uniq_terence

Skill      XL: |  1 |
---------------+----+-----
Fighting       | 4 |  4.4
Axes           | 4 |  4.4
Armour         | |  2.7
Dodging        | |  2.5
Stealth        | |  0.1

Action                   || total
-------------------------++-------
Melee: Hand axe          ||    25
       Headbutt          ||     3
Invok: Berserk           ||     2
Armor: Animal skin       ||     3
Dodge: Dodged            ||    22

Table legend: (Time is in decaauts)
 A = Elapsed time spent in this place.
 B = Non-inter-level travel time spent in this place.
 C = Inter-level travel time spent in this place.
 D = Time resting spent in this place.
 E = Time spent auto-exploring this place.
 F = Levels seen in this place.
 G = Mean time per level.
                   A        B        C        D        E       F      G
               +--------+--------+--------+--------+--------+-----+--------+
         Total |    366 |    366 |      0 |     42 |    238 |   3 |  122.0 |
       Dungeon |    366 |    366 |      0 |     42 |    238 |   3 |  122.0 |
               +--------+--------+--------+--------+--------+-----+--------+

Top non-repeatable levels by time:
     D:2: 293 daAuts
     D:3: 49 daAuts
     D:1: 23 daAuts
